HSSL
TACOMA HS TORCHMEN @ JACKSON HS SWAMP BATS
05/12/2029
 
TOP OF THE 1ST
Tacoma HS Torchmen batting - Pitching for Jackson HS Swamp Bats : RHP Roberto Gonzáles
Pitching: RHP Roberto Gonzáles
Batting: LHB John Bell 0-0: Ball
1-0: Ground out 6-3 (Groundball, 6S)
Batting: RHB David Carter 0-0: SINGLE (Groundball, 6MD)
Batting: RHB Bruce Cooper 0-0: Ball
1-0: Called Strike
1-1: Ball
2-1: Foul Ball, location: 2F
2-2: Ball
3-2: 2-RUN HOME RUN (Flyball, 78XD), Distance : 397 ft
Batting: RHB Jim Lipscomb 0-0: Ground out 4-3 (Groundball, 34)
Batting: RHB Glenn Browne 0-0: Called Strike
0-1: Ball
1-1: Swinging Strike
1-2: Foul Ball, location: 2F
1-2: Fly out, F5 (Line Drive, 56S)
Top of the 1st over - 2 runs, 2 hits, 0 errors, 0 left on base; Tacoma HS 2 - Jackson HS 0
BOTTOM OF THE 1ST
Jackson HS Swamp Bats batting - Pitching for Tacoma HS Torchmen : RHP Allen Delgado
Pitching: RHP Allen Delgado
Batting: RHB Julián García 0-0: Foul Ball, location: 2F
0-1: Foul Ball, location: 2F
0-2: Ball
1-2: Ball
2-2: Ground out 1-3 (Groundball, P)
Batting: RHB Russell Ferguson 0-0: Ball
1-0: Ground out 3-1 (Groundball, 34)
Batting: RHB Kevin Wilson 0-0: Called Strike
0-1: SINGLE (Groundball, 34D)
Batting: RHB Gabriel Vargas 0-0: Ball
1-0: Foul Ball, location: 2F
1-1: Foul Ball, location: 2F
1-2: Ball
2-2: Ball
3-2: SINGLE (Line Drive, 56)
Kevin Wilson to second
Kevin Wilson to third
Batting: RHB Jonathan Smith 0-0: Swinging Strike
0-1: Ball
1-1: SINGLE (Groundball, 56D)
Kevin Wilson scores
Gabriel Vargas to second
Batting: RHB Ken Case 0-0: Swinging Strike
0-1: Ball
1-1: Ball
2-1: Foul Ball, location: 2F
2-2: Strikes out looking
Bottom of the 1st over - 1 run, 3 hits, 0 errors, 2 left on base; Tacoma HS 2 - Jackson HS 1
TOP OF THE 2ND
Tacoma HS Torchmen batting - Pitching for Jackson HS Swamp Bats : RHP Roberto Gonzáles
Batting: LHB Joseph Wood 0-0: Called Strike
0-1: Swinging Strike
0-2: SINGLE (Groundball, 34D)
Batting: SHB Jimmy Mayer 0-0: Foul Ball, location: 2F
0-1: Fly out, F9 (Flyball, 9LS)
Batting: LHB Ben Underwood 0-0: SINGLE (Groundball, 4MD)
Joseph Wood to second
Runner from 2nd tries for 3rd, OUT!
Batting: LHB Phil Marshall 0-0: Fly out, F9 (Flyball, 9D)
Top of the 2nd over - 0 runs, 2 hits, 0 errors, 1 left on base; Tacoma HS 2 - Jackson HS 1
BOTTOM OF THE 2ND
Jackson HS Swamp Bats batting - Pitching for Tacoma HS Torchmen : RHP Allen Delgado
Batting: SHB William Martínez 0-0: Ball
1-0: Ball
2-0: Foul Ball, location: 2F
2-1: Ball
3-1: Foul Ball, location: 2F
3-2: Foul Ball, location: 2F
3-2: DOUBLE (Line Drive, 9LM)
Batting: LHB Harry McAndrew 0-0: Ball
1-0: Called Strike
1-1: Ball
2-1: Ball
3-1: Base on Balls
Batting: RHB Mark May 0-0: Foul Ball, location: 2F
0-1: Ball
1-1: Ball
2-1: Ball
Wild Pitch!
William Martínez to third
Harry McAndrew to second
3-1: Swinging Strike
3-2: Foul Ball, location: 2F
3-2: Foul Ball, location: 2F
3-2: Strikes out swinging
Batting: RHB Julián García 0-0: Swinging Strike
0-1: Ball
1-1: Ball
2-1: Fly out, F6 (Popup, 6)
Batting: RHB Russell Ferguson 0-0: Ball
1-0: Called Strike
1-1: Ball
2-1: Swinging Strike
2-2: Strikes out swinging
Bottom of the 2nd over - 0 runs, 1 hit, 0 errors, 2 left on base; Tacoma HS 2 - Jackson HS 1
TOP OF THE 3RD
Tacoma HS Torchmen batting - Pitching for Jackson HS Swamp Bats : RHP Roberto Gonzáles
Batting: LHB John Bell 0-0: Ball
1-0: Called Strike
1-1: Foul Ball, location: 2F
1-2: Foul Ball, location: 2F
1-2: Ball
2-2: Strikes out swinging
Batting: RHB David Carter 0-0: Ball
1-0: Ball
2-0: Swinging Strike
Error on foul ball, E9
2-2: Foul Ball, location: 2F
2-2: DOUBLE (Flyball, 78D)
Batting: RHB Bruce Cooper 0-0: Ball
1-0: Ball
2-0: Ball
3-0: Base on Balls
Batting: RHB Jim Lipscomb 0-0: Ball
1-0: Ball
2-0: Called Strike
2-1: Foul Ball, location: 2F
2-2: SINGLE (Line Drive, 8LS)
David Carter to third
Bruce Cooper to second
Batting: RHB Glenn Browne 0-0: Called Strike
0-1: Ball
1-1: Called Strike
1-2: Ball
2-2: Foul Ball, location: 2F
2-2: Grounds into double play, 6-4-3 (Groundball, 6)
Top of the 3rd over - 0 runs, 2 hits, 1 error, 2 left on base; Tacoma HS 2 - Jackson HS 1
BOTTOM OF THE 3RD
Jackson HS Swamp Bats batting - Pitching for Tacoma HS Torchmen : RHP Allen Delgado
Batting: RHB Kevin Wilson 0-0: Called Strike
0-1: Ball
1-1: Foul Ball, location: 2F
1-2: SINGLE (Flyball, 5D)
Batting: RHB Gabriel Vargas 0-0: Called Strike
0-1: Ball
1-1: Called Strike
1-2: Fly out, F8 (Flyball, 8LS)
Batting: RHB Jonathan Smith 0-0: Ball
1-0: Ball
2-0: Called Strike
2-1: Foul Ball, location: 2F
2-2: Ground out 5-3 (Groundball, 56S)
Kevin Wilson to second
Batting: RHB Ken Case 0-0: Called Strike
0-1: Foul Ball, location: 2F
0-2: Ball
1-2: Ball
2-2: Ball
3-2: Strikes out swinging
Bottom of the 3rd over - 0 runs, 1 hit, 0 errors, 1 left on base; Tacoma HS 2 - Jackson HS 1
TOP OF THE 4TH
Tacoma HS Torchmen batting - Pitching for Jackson HS Swamp Bats : RHP Roberto Gonzáles
Batting: LHB Joseph Wood 0-0: Called Strike
0-1: Swinging Strike
0-2: Ball
1-2: Ball
2-2: Fly out, F8 (Line Drive, 89D)
Batting: SHB Jimmy Mayer 0-0: DOUBLE (Flyball, 89D)
Batting: LHB Ben Underwood 0-0: Ball
1-0: Called Strike
1-1: DOUBLE (Groundball, 3L)
Jimmy Mayer scores
Batting: LHB Phil Marshall 0-0: Ground out U3 (Groundball, 3)
Ben Underwood to third
Batting: LHB John Bell 0-0: Fly out, F5 (Line Drive, 56)
Top of the 4th over - 1 run, 2 hits, 0 errors, 1 left on base; Tacoma HS 3 - Jackson HS 1
BOTTOM OF THE 4TH
Jackson HS Swamp Bats batting - Pitching for Tacoma HS Torchmen : RHP Allen Delgado
Batting: SHB William Martínez 0-0: Foul Ball, location: 2F
0-1: Ground out 4-3 (Groundball, 4S)
Batting: LHB Harry McAndrew 0-0: Called Strike
0-1: Ball
1-1: Called Strike
1-2: Foul Ball, location: 2F
1-2: Foul Ball, location: 2F
1-2: Ground out 4-3 (Groundball, 4)
Batting: RHB Mark May 0-0: Called Strike
0-1: Ball
1-1: Ball
2-1: SINGLE (Line Drive, 89S)
Pitching: LHP Bryan Adams
Batting: RHB Julián García 0-0: Foul Ball, location: 2F
0-1: Foul Ball, location: 2F
0-2: Ball
1-2: Strikes out swinging
Bottom of the 4th over - 0 runs, 1 hit, 0 errors, 1 left on base; Tacoma HS 3 - Jackson HS 1
TOP OF THE 5TH
Tacoma HS Torchmen batting - Pitching for Jackson HS Swamp Bats : RHP Roberto Gonzáles
Batting: RHB David Carter 0-0: Ball
1-0: Ball
2-0: Ball
3-0: Called Strike
3-1: Called Strike
3-2: Strikes out swinging
Batting: RHB Bruce Cooper 0-0: Ground out 4-3 (Groundball, 34)
Batting: RHB Jim Lipscomb 0-0: Ball
1-0: Ball
2-0: Foul Ball, location: 2F
2-1: SINGLE (Line Drive, 6MD)
Batting: RHB Glenn Browne 0-0: Called Strike
0-1: Ball
1-1: Ball
2-1: DOUBLE (Flyball, 8LXD)
Jim Lipscomb to third
Runner from 3rd tries for Home, SAFE, no throw
Batting: LHB Joseph Wood 0-0: Intentional Walk
Batting: SHB Jimmy Mayer 0-0: Foul Ball, location: 2F
0-1: Ball
1-1: Swinging Strike
1-2: Ball
2-2: Ball
3-2: Strikes out looking
Top of the 5th over - 1 run, 2 hits, 0 errors, 2 left on base; Tacoma HS 4 - Jackson HS 1
BOTTOM OF THE 5TH
Jackson HS Swamp Bats batting - Pitching for Tacoma HS Torchmen : LHP Bryan Adams
Batting: RHB Russell Ferguson 0-0: Called Strike
0-1: Foul Ball, location: 2F
0-2: Ball
1-2: Strikes out swinging
Batting: RHB Kevin Wilson 0-0: Ball
1-0: Swinging Strike
1-1: Fly out, F9 (Flyball, 9LM)
Batting: RHB Gabriel Vargas 0-0: Called Strike
0-1: SINGLE (Flyball, 89M)
Batting: RHB Jonathan Smith 0-0: Called Strike
0-1: Swinging Strike
0-2: Foul Ball, location: 2F
0-2: Ball
1-2: Ball
2-2: Fielders Choice at 2nd, 5-4 (Groundball, 5)
Bottom of the 5th over - 0 runs, 1 hit, 0 errors, 1 left on base; Tacoma HS 4 - Jackson HS 1
TOP OF THE 6TH
Tacoma HS Torchmen batting - Pitching for Jackson HS Swamp Bats : RHP Roberto Gonzáles
Pitching: RHP Greg Stone
Batting: LHB Ben Underwood 0-0: Ball
1-0: Called Strike
1-1: Swinging Strike
1-2: Foul Ball, location: 2F
1-2: Ball
2-2: Strikes out swinging
Batting: LHB Phil Marshall 0-0: Called Strike
0-1: Fly out, F8 (Flyball, 8RM)
Batting: LHB John Bell 0-0: Ball
1-0: Ball
2-0: Called Strike
2-1: Called Strike
2-2: Foul Ball, location: 2F
2-2: Ball
3-2: Base on Balls
Batting: RHB David Carter 0-0: Ball
1-0: Fly out, F2 (Popup, 2RF)
Top of the 6th over - 0 runs, 0 hits, 0 errors, 1 left on base; Tacoma HS 4 - Jackson HS 1
BOTTOM OF THE 6TH
Jackson HS Swamp Bats batting - Pitching for Tacoma HS Torchmen : LHP Bryan Adams
Batting: RHB Ken Case 0-0: Called Strike
0-1: Ball
1-1: Fly out, F9 (Flyball, 9)
Batting: SHB William Martínez 0-0: Ball
1-0: Foul Ball, location: 2F
1-1: Ball
2-1: Foul Ball, location: 2F
2-2: Ball
3-2: Base on Balls
Batting: LHB Harry McAndrew 0-0: Ball
1-0: Called Strike
1-1: Swinging Strike
1-2: Ball
2-2: Ball
3-2: Base on Balls
William Martínez to second
Batting: RHB Mark May 0-0: Ball
1-0: Ball
2-0: Ball
3-0: Called Strike
3-1: Called Strike
3-2: Foul Ball, location: 2F
3-2: Foul Ball, location: 2F
3-2: Foul Ball, location: 2F
3-2: Base on Balls
William Martínez to third
Harry McAndrew to second
Batting: RHB Julián García 0-0: Ball
1-0: Ball
2-0: Foul Ball, location: 2F
2-1: Called Strike
2-2: Fly out, F7 (Flyball, 7S)
Batting: RHB Russell Ferguson 0-0: Called Strike
0-1: Foul Ball, location: 2F
0-2: Foul Ball, location: 2F
0-2: Strikes out looking
Bottom of the 6th over - 0 runs, 0 hits, 0 errors, 3 left on base; Tacoma HS 4 - Jackson HS 1
TOP OF THE 7TH
Tacoma HS Torchmen batting - Pitching for Jackson HS Swamp Bats : RHP Greg Stone
Batting: RHB Bruce Cooper 0-0: Called Strike
0-1: Ball
1-1: Called Strike
1-2: Ball
2-2: Ball
3-2: Base on Balls
Batting: RHB Jim Lipscomb 0-0: Ball
1-0: Ball
2-0: Swinging Strike
2-1: SINGLE (Line Drive, 4D)
Bruce Cooper to second
Batting: RHB Glenn Browne 0-0: Called Strike
0-1: Swinging Strike
0-2: Ball
1-2: SINGLE (Line Drive, 78M)
Bruce Cooper to third
Jim Lipscomb to second
Pitching: LHP John Harris
Batting: LHB Joseph Wood 0-0: Foul Ball, location: 2F
0-1: Swinging Strike
0-2: Foul Ball, location: 2F
0-2: Strikes out swinging
Pitching: RHP Dudley Simmons
Batting: SHB Jimmy Mayer 0-0: Ball
1-0: Fly out, F3 (Popup, 3S)
Batting: LHB Ben Underwood 0-0: Called Strike
0-1: Called Strike
0-2: Ball
1-2: Ball
2-2: Ball
3-2: DOUBLE (Line Drive, 9D)
Bruce Cooper scores
Jim Lipscomb scores
Glenn Browne to third
Glenn Browne scores
Batting: LHB Phil Marshall 0-0: Swinging Strike
0-1: Ball
1-1: Ball
2-1: Ground out 4-3 (Groundball, 4M)
Top of the 7th over - 3 runs, 3 hits, 0 errors, 1 left on base; Tacoma HS 7 - Jackson HS 1
BOTTOM OF THE 7TH
Jackson HS Swamp Bats batting - Pitching for Tacoma HS Torchmen : LHP Bryan Adams
Batting: RHB Kevin Wilson 0-0: Ground out U3 (Groundball, 3S)
Batting: RHB Gabriel Vargas 0-0: Ball
1-0: Called Strike
1-1: Ball
2-1: Foul Ball, location: 2F
2-2: Ball
3-2: Fly out, F3 (Popup, 3)
Batting: RHB Jonathan Smith 0-0: Ball
1-0: Called Strike
1-1: Ball
2-1: Swinging Strike
2-2: Ball
3-2: SINGLE (Flyball, 89S)
Batting: RHB Ken Case 0-0: Ball
1-0: Reached on error, E4 (Groundball, 4)
Jonathan Smith to third
Batting: SHB William Martínez 0-0: Ball
1-0: Ball
2-0: Ball
Wild Pitch!
Jonathan Smith scores
Ken Case to third
3-0: Base on Balls
Pitching: LHP Glenn O'Rourke
Batting: LHB Harry McAndrew 0-0: Ball
1-0: Foul Ball, location: 2F
1-1: Ball
2-1: Ball
3-1: Base on Balls
William Martínez to second
Batting: RHB Mark May 0-0: Called Strike
0-1: GRAND SLAM HOME RUN (Line Drive, 7D), Distance : 376 ft
Pitching: RHP Arthur Mack
Batting: RHB Julián García 0-0: Ball
1-0: Ball
2-0: Ball
3-0: Swinging Strike
3-1: Base on Balls
Batting: RHB Russell Ferguson 0-0: Called Strike
Julián García steals 2nd base
0-1: Ball
1-1: Called Strike
1-2: Ball
2-2: Ground out 5-3 (Groundball, 5)
Bottom of the 7th over - 5 runs, 2 hits, 1 error, 1 left on base; Tacoma HS 7 - Jackson HS 6
TOP OF THE 8TH
Tacoma HS Torchmen batting - Pitching for Jackson HS Swamp Bats : RHP Dudley Simmons
Batting: LHB John Bell 0-0: SOLO HOME RUN (Flyball, 89XD), Distance : 401 ft
Batting: RHB David Carter 0-0: Called Strike
0-1: Foul Ball, location: 2F
0-2: Strikes out looking
Batting: RHB Bruce Cooper 0-0: Called Strike
0-1: Called Strike
0-2: Foul Ball, location: 2F
0-2: Foul Ball, location: 2F
0-2: Ball
1-2: Ground out 6-3 (Groundball, 6)
Batting: RHB Jim Lipscomb 0-0: Called Strike
0-1: Ball
1-1: Ground out U3 (Groundball, 3)
Top of the 8th over - 1 run, 1 hit, 0 errors, 0 left on base; Tacoma HS 8 - Jackson HS 6
BOTTOM OF THE 8TH
Jackson HS Swamp Bats batting - Pitching for Tacoma HS Torchmen : RHP Arthur Mack
Batting: RHB Kevin Wilson 0-0: Ball
1-0: Swinging Strike
1-1: Fly out, F8 (Flyball, 8RD)
Batting: RHB Gabriel Vargas 0-0: Swinging Strike
0-1: Ball
1-1: SOLO HOME RUN (Flyball, 7D), Distance : 359 ft
Batting: RHB Jonathan Smith 0-0: Swinging Strike
0-1: Swinging Strike
0-2: Ball
1-2: Ball
2-2: Strikes out swinging
Batting: RHB Ken Case 0-0: Called Strike
0-1: Called Strike
0-2: Foul Ball, location: 2F
0-2: Ball
1-2: SINGLE (Line Drive, 78S)
Pitching: RHP Arthur Blair
Batting: SHB William Martínez 0-0: Fielders Choice at 2nd, 5-4 (Groundball, 56)
Bottom of the 8th over - 1 run, 2 hits, 0 errors, 1 left on base; Tacoma HS 8 - Jackson HS 7
TOP OF THE 9TH
Tacoma HS Torchmen batting - Pitching for Jackson HS Swamp Bats : RHP Dudley Simmons
Batting: RHB Glenn Browne 0-0: Ball
1-0: SINGLE (Line Drive, 6D)
Batting: LHB Joseph Wood 0-0: Called Strike
0-1: Foul Ball, location: 2F
0-2: Foul Ball, location: 2F
0-2: Ball
1-2: Ball
2-2: Fielders Choice at 2nd, 4-6 (Groundball, 4)
Batting: SHB Jimmy Mayer 0-0: DOUBLE (Line Drive, 78D)
Joseph Wood to third
Batting: LHB Ben Underwood 0-0: Intentional Walk
Batting: LHB Phil Marshall 0-0: Fly out, F6 (Popup, 6)
Batting: LHB John Bell 0-0: Foul Ball, location: 2F
0-1: Ball
1-1: SINGLE (Groundball, 34D)
Joseph Wood scores
Jimmy Mayer to third
Ben Underwood to second
Throwing error, E9
Jimmy Mayer scores
Ben Underwood to third
John Bell to second
Pitching: RHP Don Doss
Batting: RHB David Carter 0-0: Ball
1-0: Called Strike
1-1: Called Strike
1-2: Foul Ball, location: 2F
1-2: DOUBLE (Flyball, 78XD)
Ben Underwood scores
John Bell scores
Batting: RHB Bruce Cooper 0-0: Fly out, F8 (Flyball, 8LD)
Top of the 9th over - 4 runs, 4 hits, 1 error, 1 left on base; Tacoma HS 12 - Jackson HS 7
BOTTOM OF THE 9TH
Jackson HS Swamp Bats batting - Pitching for Tacoma HS Torchmen : RHP Arthur Blair
Batting: LHB Harry McAndrew 0-0: Called Strike
0-1: Ball
1-1: Ground out 4-3 (Groundball, 34)
Batting: RHB Mark May 0-0: Ball
1-0: Called Strike
1-1: Fly out, F7 (Flyball, 78M)
Batting: RHB Julián García 0-0: Ball
1-0: Ball
2-0: Ball
3-0: Called Strike
3-1: Base on Balls
Batting: RHB Russell Ferguson 0-0: Called Strike
0-1: SINGLE (Groundball, 4MS) (infield hit)
Julián García to second
Batting: RHB Kevin Wilson 0-0: Called Strike
0-1: Ball
1-1: Swinging Strike
1-2: Foul Ball, location: 2F
1-2: Ball
2-2: Foul Ball, location: 2F
2-2: Foul Ball, location: 2F
2-2: Ball
3-2: Foul Ball, location: 2F
3-2: Base on Balls
Julián García to third
Russell Ferguson to second
Batting: RHB Gabriel Vargas 0-0: Ball
1-0: Ball
2-0: Called Strike
2-1: Ball
3-1: Base on Balls
Julián García scores
Russell Ferguson to third
Kevin Wilson to second
Batting: RHB Jonathan Smith 0-0: SINGLE (Groundball, 56D)
Russell Ferguson scores
Kevin Wilson to third
Gabriel Vargas to second
Pinch Hitting: LHB Joe Davis 0-0: Foul Ball, location: 2F
0-1: Ball
1-1: Ball
2-1: Called Strike
2-2: Ground out 5-3 (Groundball, 56S)
Bottom of the 9th over - 2 runs, 2 hits, 0 errors, 3 left on base; Tacoma HS 12 - Jackson HS 9
Saturday, December 16th, 2017 - OOTP Baseball 18.8 Build 76